 Dungeon Crawl Stone Soup version 0.20-a0-809-gaf7f668 (webtiles) character file.

740 Gorglomux the Cleaver (level 7, -1/66 HPs)
             Began as a Deep Dwarf Wanderer on Mar 2, 2017.
             Was an Initiate of Makhleb.
             Slain by an ice beast (13 damage)
             ... in the Ecumenical Temple.
             The game lasted 00:08:25 (3363 turns).

Gorglomux the Cleaver (Deep Dwarf Wanderer)         Turns: 3363, Time: 00:08:25

Health: -1/66      AC:  6    Str: 17    XL:     7   Next: 46%
Magic:  5/5        EV: 10    Int: 12    God:    Makhleb [......]
Gold:   226        SH:  0    Dex: 13    Spells: 6/6 levels left

rFire    . . .     SeeInvis .   a - +0 war axe
rCold    . . .     Gourm    .   G - +0 ring mail (curse)
rNeg     . . .     Faith    +   (no shield)
rPois    .         Spirit   .   S - +1 hat
rElec    .         Reflect  .   (no cloak)
rCorr    .         Harm     .   (no gloves)
MR       +....                  (no boots)
Stlth    ..........             y - amulet of faith
Regen    0.0/turn               (no ring)
MPRegen  0.1/turn               L - ring of loudness (curse)

@: non-regenerating
A: damage resistance, heal wounds, sense surroundings 1, no regeneration
a: Heal Wounds, Renounce Religion


You were in the Ecumenical Temple.
You worshipped Makhleb.
Makhleb was noncommittal.
You were not hungry.

You visited 2 branches of the dungeon, and saw 6 of its levels.

You collected 226 gold pieces.

Inventory:

Hand Weapons
 a - a +0 war axe (weapon)
 b - a +0 blowgun
 c - a +2 dagger
 A - a +0 hand axe
Missiles
 d - 19 poisoned needles
 B - 2 needles of paralysis
 I - 2 javelins (quivered)
Armour
 f - a +0 robe
 s - a +0 ring mail
 G - a cursed +0 ring mail (worn)
 S - a +1 hat (worn)
Jewellery
 y - an amulet of faith (around neck)
 L - a cursed ring of loudness (left hand)
 V - an uncursed ring of protection from cold {unknown}
Scrolls
 t - 4 scrolls of teleportation {unknown}
 v - 4 scrolls of remove curse
 x - 2 scrolls of enchant armour {unknown}
 z - a scroll of recharging {unknown}
 C - a scroll of random uselessness {unknown}
 F - 3 scrolls of identify {unknown}
 J - a scroll of magic mapping {unknown}
 Q - a scroll of amnesia {unknown}
 R - a scroll of enchant weapon {unknown}
Potions
 q - a potion of heal wounds
 D - 2 potions of brilliance {unknown}
 E - a potion of flight {unknown}
 K - a potion of degeneration {unknown}
 N - a potion of agility {unknown}
 O - a potion of resistance {unknown}
 P - a potion of lignification {unknown}
 T - 3 potions of magic {unknown}
Books
 M - a book of Changes

   Spells                             Type                      Level
   a - Beastly Appendage              Transmutation                1
   b - Sticks to Snakes               Transmutation                2
   c - Spider Form                    Transmutation/Poison         3
   d - Ice Form                       Ice/Transmutation            4
   e - Blade Hands                    Transmutation                5
Comestibles
 g - 3 bread rations
 r - 4 meat rations
 W - 8 chunks of flesh


   Skills:
 - Level 4.5 Fighting
 + Level 9.0 Axes
   Level 1.0 Bows
 - Level 1.0 Throwing
 - Level 2.1 Armour
 - Level 1.2 Stealth


You had 6 spell levels left.
You didn't know any spells.

Dungeon Overview and Level Annotations

Branches:
Dungeon (5/15)             Temple (1/1) D:5

Altars:
Ashenzari
Dithmenos
Makhleb
Vehumet


Innate Abilities, Weirdness & Mutations

You are resistant to damage.
You can heal yourself by infusing magical energy.
You passively map a small area around you.
You do not regenerate.


Message History

* * * LOW HITPOINT WARNING * * *
You hit the ice beast.
The ice beast is lightly wounded.
The ice beast closely misses you.
You barely miss the ice beast.
The ice beast is lightly wounded.
The ice beast hits you but does no damage.
You barely miss the ice beast.
The ice beast is lightly wounded.
The ice beast hits you.
* * * LOW HITPOINT WARNING * * *
The ice beast freezes you!
* * * LOW HITPOINT WARNING * * *
You slash the ice beast!
The ice beast is heavily wounded.
The ice beast hits you but does no damage.
You barely miss the ice beast.
The ice beast is heavily wounded.
The ice beast hits you. The ice beast freezes you!
You die...

############### *
############### * *
≈≈≈≈≈≈≈≈≈≈≈≈≈≈≈≈ ≈ ≈*
≈≈≈≈≈≈≈≈≈≈≈≈≈≈≈≈≈≈ ≈
≈≈≈≈≈≈≈≈≈≈≈≈≈≈≈≈≈≈.
≈≈≈≈...≈≈≈≈≈≈≈≈≈≈≈≈.
,≈≈≈≈._.≈≈≈≈...≈≈≈≈≈.,
≈ .≈≈≈≈...≈≈≈≈.@.≈≈≈≈≈≈
≈ ≈
,..≈≈≈≈≈≈≈≈≈≈≈Y..≈≈≈≈≈≈
≈≈≈≈#≈≈≈≈≈≈≈≈≈≈≈≈≈≈≈..
≈≈≈#≈≈≈≈≈≈≈≈≈≈≈≈≈≈≈≈._
≈≈≈#≈≈≈≈≈≈≈≈≈≈≈≈≈≈≈≈≈..
≈≈
≈≈≈≈≈≈...≈≈≈≈≈≈≈≈≈≈≈≈≈
.≈≈≈≈.....≈≈≈≈...≈≈≈≈≈
≈
.≈≈≈≈..<..≈≈≈≈.♣.≈≈≈≈≈
.≈≈≈≈.....≈≈≈≈...≈≈≈≈≈
,,


You could see an ice beast.

Vanquished Creatures
  6 scorpions (D:5)
  A howler monkey (D:5)
  3 hounds
  2 orc wizards (D:5)
  3 worker ants (D:4)
  10 adders
  2 oozes
  An adder skeleton (D:4)
  2 worms
  A dart slug (D:2)
  A leopard gecko (D:3)
  10 orcs
  5 bats
  4 giant cockroaches
  7 goblins
  4 hobgoblins
  7 kobolds
  3 quokkas
  2 ball pythons
  7 frilled lizards
  12 rats
93 creatures vanquished.

Vanquished Creatures (others)
  5 fungi (D:5)
5 creatures vanquished.

Grand Total: 98 creatures vanquished

Notes
Turn   | Place    | Note
-------+----------+-------------------------------------------
     0 | D:1      | Gorglomux the Deep Dwarf Wanderer began the quest for the Orb.
     0 | D:1      | Gorglomux set off with: a +2 dagger, a potion of heal wounds, a +0 hand axe, 12 poisoned needles, a +0 robe, a bread ration, a +0 blowgun
     0 | D:1      | Reached XP level 1. HP: 24/24 MP: 1/1
   191 | D:1      | Reached skill level 1 in Axes
   319 | D:1      | Reached XP level 2. HP: 27/31 MP: 2/2
   320 | D:1      | Reached skill level 2 in Axes
  1079 | D:2      | Reached skill level 3 in Axes
  1079 | D:2      | Reached XP level 3. HP: 28/37 MP: 3/3
  1440 | D:2      | Reached skill level 4 in Axes
  1440 | D:2      | Reached XP level 4. HP: 33/45 MP: 4/4
  2257 | D:3      | Reached skill level 5 in Axes
  2608 | D:4      | Reached XP level 5. HP: 47/51 MP: 4/4
  2840 | D:4      | Reached skill level 6 in Axes
  3022 | D:4      | Reached XP level 6. HP: 32/58 MP: 5/5
  3108 | D:5      | Entered Level 5 of the Dungeon
  3132 | D:5      | Reached skill level 7 in Axes
  3200 | D:5      | Reached skill level 8 in Axes
  3200 | D:5      | Reached XP level 7. HP: 26/66 MP: 5/5
  3320 | D:5      | Found a staircase to the Ecumenical Temple.
  3334 | D:5      | Reached skill level 9 in Axes
  3346 | Temple   | Entered the Ecumenical Temple
  3355 | Temple   | Became a worshipper of Makhleb the Destroyer
  3363 | Temple   | Slain by an ice beast

Vault maps used:
D:1:      minmay_arrival_wavy_path, serial_aquarium, aquarium_bridge_straight,
          aquarium_bridge_square, aquarium_window_fake, aquarium_window_corner,
          aquarium_view_2e, aquarium_view_2e, hex_large, kennysheep_another_room
D:4:      first_bread
D:5:      old_forge, minmay_temple_entry_mist, serial_shops, nicolae_shop_stone,
          kennysheep_generic_room_3
Temple:   regret_index_temple_mists

Skill      XL: |  1  2  3  4  5  6  7 |
---------------+----------------------+-----
Axes           | 1 3 4 5 6 8 9 |  9.0
Fighting       | |  4.5
Bows           | |  1.0
Throwing       | |  1.0
Armour         | |  2.1
Stealth        | |  1.2

Action                   |  1- 3 |  4- 6 |  7- 9 || total
-------------------------+-------+-------+-------++-------
Melee: Hand axe          |    96 |     1 |       ||    97
       War axe           |       |   160 |    61 ||   221
 Fire: Blowgun           |    13 |     7 |       ||    20
Throw: Stone             |    22 |       |       ||    22
       Javelin           |       |     7 |       ||     7
 Abil: Heal Wounds       |       |     4 |     2 ||     6
  Use: Scroll            |     1 |       |       ||     1
 Stab: Paralysed         |     6 |       |       ||     6
       Sleeping          |       |     1 |       ||     1
  Eat: Chunk             |     1 |     6 |     1 ||     8
Armor: Ring mail         |    50 |    84 |    35 ||   169
Dodge: Dodged            |    65 |    84 |    38 ||   187
